 Dungeon Crawl Stone Soup version 0.28-a0-1206-g193881aaa2 (webtiles) character file.

Game seed: 8381276521745568697

345 ytrimaz the Insei (level 6, -2/58 HPs)
             Began as an Octopode Transmuter on Dec 20, 2021.
             Slain by Pikel (3 damage)
             ... on level 4 of the Dungeon.
             The game lasted 00:03:38 (4173 turns).

ytrimaz the Insei (Octopode Transmuter)             Turns: 4173, Time: 00:03:39

Health: -2/58      AC:  1    Str: 10    XL:     6   Next: 58%
Magic:  9/10       EV: 13    Int: 17    God:
Gold:   190        SH:  0    Dex: 12    Spells: 5/11 levels left

rFire   . . .      SeeInvis .     - Unarmed
rCold   . . .      Faith    .   (no shield)
rNeg    . . .      Spirit   .   (helmet restricted)
rPois   .          Reflect  .   (no amulet)
rElec   .          Harm     .   (no ring)
rCorr   .          Rampage  .   (no ring)
Will    .....                   (no ring)
Stlth   ..........              (no ring)
HPRegen 0.19/turn               (no ring)
MPRegen 0.12/turn               (no ring)
                                (no ring)
                                (no ring)

@: berserking, very quick
A: almost no armour, amphibious, 8 rings, camouflage 1, gelatinous body 1,
(nimble swimmer 1), tentacles
a: no special abilities


You were on level 4 of the Dungeon.
You visited 1 branch of the dungeon, and saw 4 of its levels.

You collected 190 gold pieces.

Inventory:

Wands
 d - a wand of acid (12)
 h - a wand of polymorph (9)
Scrolls
 a - 4 scrolls of teleportation
 b - a scroll of vulnerability
Potions
 e - a potion of lignification
 f - 2 potions of ambrosia
 g - a potion of cancellation {unknown}
 i - a potion of might {unknown}


   Skills:
 * Level 2.3 Fighting
 * Level 3.1 Dodging
 + Level 4.2 Unarmed Combat
 * Level 3.2 Spellcasting
 * Level 3.3 Transmutations
 * Level 2.2 Poison Magic


You had 5 spell levels left.
You knew the following spells:

 Your Spells              Type           Power      Damage    Failure   Level
a - Beastly Appendage     Tmut           28%        N/A       4%          1
b - Wereblood             Tmut           14%        N/A       7%          2
c - Spider Form           Tmut/Pois      12%        N/A       16%         3

Your spell library contained the following spells:

 Spells                   Type           Power      Damage    Failure   Level
 Passwall                 Tmut/Erth      6%         N/A       13%         2
 Sandblast                Erth           4%         2d4       17%         1
 Portal Projectile        Hex/Tloc       4%         N/A       45%         3
 Stone Arrow              Conj/Erth      4%         3d7       45%         3
 Ice Form                 Ice/Tmut       8%         N/A       65%         4
 Blade Hands              Tmut           7%         N/A       77%         5
 Excruciating Wounds      Necr           1%         N/A       99%         5


Dungeon Overview and Level Annotations

Branches:
Dungeon (4/15)
 Temple: D:4-7

Altars:

Shops:
D:2 (

Annotations:
D:4 Pikel


Innate Abilities, Weirdness & Mutations

You cannot wear most types of armour.
You are amphibious.
You can wear up to eight rings at the same time.
Your skin changes colour to match your surroundings (Stealth+).
Your rubbery body absorbs attacks. (AC +1, EV +1)
((You are camouflaged near water. (Stealth+)))
You have tentacles for arms and can constrict up to eight enemies at once.


Message History

The lemure shouts!
Things that are here:
a +0 club; a kobold corpse Unknown command.
You hit Pikel but do no damage.
Pikel hits you with a +2 whip of flaming.
Pikel burns you.
You hit Pikel but do no damage.
Pikel hits you with a +2 whip of flaming.
Pikel burns you.
You closely miss Pikel.
Pikel hits you with a +2 whip of flaming!
Pikel burns you.
You barely miss Pikel.
Pikel hits you with a +2 whip of flaming!
Pikel burns you.
You hit Pikel.
Pikel is poisoned.
Pikel is lightly wounded.
Pikel completely misses you.
Unknown command.
You bite Pikel!
Pikel looks as sick as possible!
Pikel is moderately wounded.
Pikel says, "You'll make a fine lemure."
Pikel hits you with a +2 whip of flaming!
* * * LOW HITPOINT WARNING * * *
Pikel burns you.
* * * LOW HITPOINT WARNING * * *
Unknown command.
Pikel says, "You'll feel the lick of my whip!"
A red film seems to cover your vision as you go berserk!
You feel yourself moving faster!
You feel mighty!
Pikel drinks a potion.
Pikel is healed!
Pikel looks more healthy.
Unknown command.
You hit Pikel.
Pikel is poisoned.
Pikel is heavily wounded.
Your transformation has ended.
Pikel hits you with a +2 whip of flaming.
* * * LOW HITPOINT WARNING * * *
Pikel burns you.
You die...

#.###.##...#
#..........# #.##...##
#........ #5#######
###### #5# #....# #5#
#.##.# ######## #K#
########.##.#
.......#### #@#
#........##.##
.#####....# #.#
#.#####....... .#
#.##.######.###.#
#....... .#
###.##............#
#<..#...
.###...#######.....#.#
#...#... .......#
##...##.#####.......
####.###
##†###.......#.##..
#.# #.# #####.)##.##..
#.# #.# #..##.##..


You could see Pikel (very poisoned) and 3 lemures.

Vanquished Creatures
  A lemure (D:4)
  2 scorpions
  Ijyb (D:3)
  Terence (D:3)
  Robin (D:3)
  4 gnolls
  3 adders
  A worm (D:3)
  2 dart slugs
  6 orcs (D:3)
  6 bats (D:1)
  8 endoplasms
  2 giant cockroaches
  11 hobgoblins
  9 jackals
  5 kobolds
  2 quokkas
  6 ball pythons
  3 frilled lizards
  11 goblins
  5 rats
90 creatures vanquished.

Notes
Turn   | Place    | Note
-------+----------+-------------------------------------------
     0 | D:1      | ytrimaz the Octopode Transmuter began the quest for the
                  | Orb.
     0 | D:1      | Reached XP level 1. HP: 13/13 MP: 3/3
    38 | D:1      | Reached XP level 2. HP: 14/18 MP: 3/5
   691 | D:1      | Reached XP level 3. HP: 23/23 MP: 4/6
   702 | D:1      | Learned a level 2 spell: Wereblood
   706 | D:1      | Learned a level 3 spell: Spider Form
  1562 | D:2      | Found Vien's Weapon Boutique.
  1788 | D:2      | Reached XP level 4. HP: 28/28 MP: 2/7
  2211 | D:3      | Reached skill level 1 in Poison Magic
  2272 | D:3      | Noticed Robin
  2281 | D:3      | Noticed Ijyb
  2290 | D:3      | Killed Robin
  2291 | D:3      | Reached XP level 5. HP: 27/34 MP: 4/9
  2295 | D:3      | Killed Ijyb
  2794 | D:3      | Noticed Terence
  2802 | D:3      | Killed Terence
  3033 | D:3      | Reached skill level 4 in Unarmed Combat
  3033 | D:3      | Reached XP level 6. HP: 29/39 MP: 8/10
  4156 | D:4      | Noticed Pikel
  4173 | D:4      | HP: 1/58 [Pikel (6)]
  4173 | D:4      | Slain by Pikel

Illustrated notes

Levels and vault maps discovered:
D:1:      minmay_arrival_semitransparent, layout_loops_ring
D:2:      layout_loops_ring, serial_shops, nicolae_shop_bloodbath_and_beyond
D:3:      layout_loops_cross, serial_glass, glass_columns_c, glass_columns_c,
          eino_curves_01, minmay_misc_feat_five, amcnicky_mini_pool_small,
          amcnicky_mini_rare_corridor_liquid, minmay_pentomino_pile, uniq_ijyb,
          uniq_robin, uniq_terence
D:4:      layout_loops_corners, uniq_pikel

Skill      XL: |  1  2  3  4  5 |
---------------+----------------+-----
Poison Magic   | 1 2 |  2.2
Spellcasting   | 3 |  3.2
Fighting       | 2 |  2.3
Transmutations | 3 |  3.3
Dodging        | 3 |  3.1
Unarmed Combat | 4 |  4.2

Action                   |  1- 3 |  4- 6 || total
-------------------------+-------+-------++-------
Melee: Unarmed           |    86 |   132 ||   218
       Tentacles         |    13 |    14 ||    27
       Kick              |    12 |    13 ||    25
       Constrict         |    17 |    26 ||    43
       Punch             |       |     1 ||     1
 Cast: Beastly Appendage |    21 |    14 ||    35
       Spider Form       |     1 |     4 ||     5
       Wereblood         |     1 |     2 ||     3
  Use: Scroll            |     2 |     5 ||     7
       Potion            |       |     1 ||     1
 Stab: Sleeping          |     6 |     5 ||    11
Armor: Skin              |    13 |     4 ||    17
Dodge: Dodged            |    47 |    80 ||   127

Table legend: (Time is in decaauts)
 A = Elapsed time spent in this place.
 B = Non-inter-level travel time spent in this place.
 C = Inter-level travel time spent in this place.
 D = Time resting spent in this place.
 E = Time spent auto-exploring this place.
 F = Levels seen in this place.
 G = Mean time per level.
                   A        B        C        D        E       F      G
               +--------+--------+--------+--------+--------+-----+--------+
         Total |   4157 |   4117 |     40 |    352 |   3139 |   4 | 1039.2 |
       Dungeon |   4157 |   4117 |     40 |    352 |   3139 |   4 | 1039.2 |
               +--------+--------+--------+--------+--------+-----+--------+

Top non-repeatable levels by time:
     D:1: 1544 daAuts
     D:3: 1468 daAuts
     D:2: 627 daAuts
     D:4: 517 daAuts
